 Dungeon Crawl Stone Soup version 0.20-a0-785-g17250f0 (webtiles) character file.

1533 nono the Grappler (level 8, -20/39 HPs)
             Began as a Vine Stalker Hunter on Feb 27, 2017.
             Was an Elder of Cheibriados.
             Demolished by an ogre
             ... wielding a +0 giant club
              (21 damage)
             ... on level 7 of the Dungeon.
             The game lasted 00:14:56 (2119 turns).

nono the Grappler (Vine Stalker Hunter)             Turns: 2119, Time: 00:14:58

Health: -20/39     AC: 10    Str: 27    XL:     8   Next: 85%
Magic:  0/22       EV:  8    Int: 26    God:    Cheibriados [****..]
Gold:   219        SH:  0    Dex: 25    Spells: 7/7 levels left

rFire    + . .     SeeInvis .     - Unarmed
rCold    . . .     Gourm    .   y - +0 plate armour
rNeg     . . .     Faith    +   (no shield)
rPois    .         Spirit   +   (no helmet)
rElec    .         Reflect  .   (no cloak)
rCorr    .         Harm     .   (no gloves)
MR       +....                  (no boots)
Stlth    ..........             g - amulet of faith
Regen    0.6/turn               l - ring of magical power
MPRegen  0.2/turn               i - ring of protection from fire

@: brilliant, lethally poisoned (-20 -> -20), drained, very slow
A: fangs 3, regeneration 1, magic shield, antimagic bite, no potion heal 3, rot
immunity
a: Bend Time, Temporal Distortion, Slouch, Renounce Religion


You were on level 7 of the Dungeon.
You worshipped Cheibriados.
Cheibriados was greatly pleased with you.
You were hungry.

You visited 1 branch of the dungeon, and saw 7 of its levels.
You also visited: Sewer.

You collected 219 gold pieces.

Inventory:

Hand Weapons
 a - a +0 short sword
 v - a +4 dagger
Missiles
 c - 5 javelins (quivered)
 d - a throwing net
Armour
 b - a +0 leather armour
 y - a +0 plate armour (worn)
Jewellery
 g - an amulet of faith (around neck)
 i - a ring of protection from fire (left hand)
 l - a ring of magical power (right hand)
 o - an uncursed ring of fire
Scrolls
 h - 3 scrolls of noise {unknown}
 k - 3 scrolls of remove curse
 n - 3 scrolls of teleportation {unknown}
 p - 2 scrolls of identify {unknown}
 u - a scroll of random uselessness {unknown}
 w - a scroll of blinking {unknown}
Potions
 e - 2 potions of brilliance
 j - 2 potions of haste {unknown}
 r - a potion of magic {unknown}
 s - a potion of berserk rage {unknown}
 t - a potion of curing {unknown}
 x - a potion of degeneration {unknown}
Comestibles
 f - 4 bread rations
 m - a royal jelly
 q - 2 meat rations
 z - 2 chunks of flesh


   Skills:
 - Level 2.7(2.5) Fighting
 - Level 1.8(1.6) Short Blades
 - Level 3.6(3.3) Throwing
 - Level 1.5(1.3) Dodging
 - Level 1.2(1.0) Stealth
 - Level 8.2(7.9) Unarmed Combat
 + Level 5.8(5.5) Invocations


You had 7 spell levels left.
You didn't know any spells.

Dungeon Overview and Level Annotations

Branches:
Dungeon (7/15)
 Temple: D:4-7

Altars:
Cheibriados
Gozag
Trog
Zin
The Shining One

Shops:
D:7 %


Innate Abilities, Weirdness & Mutations

You have razor-sharp teeth.
Your natural rate of healing is unusually fast.
When hurt, damage is shared between your health and your magic reserves.
Your bite disrupts and absorbs the magic of your enemies.
Potions cannot restore your health.
You are immune to rotting.


Message History

The wight hits you with an enchanted flail.
* * * LOW HITPOINT WARNING * * *
The worker ant bites you but does no damage.
A black bear comes into view.
You punch the worker ant!
You kill the worker ant!
Cheibriados thoroughly appreciates the change of pace.
The wight barely misses you.
The wight hits you with an enchanted flail.
* * * LOW HITPOINT WARNING * * *
The wight closely misses you. The adder closely misses you.
A wight comes into view. It is wielding an enchanted falchion.
As you read the scroll labeled IWY NOLOINIPURCH, it crumbles to dust.
You feel blessed for a moment.
It was a scroll of remove curse.
You feel sick.
The phantom hits you but does no damage.
The adder bites you but does no damage. The wight hits you but does no damage.
The wight closely misses you. The wight hits you but does no damage.
The ogre hits you with a giant club!!
Ouch! That really hurt!
You die...

###..#.# ##........... #....#
#<.........##
#....#####.#.##.####
#......##z........##
#.....^.......#..##
#................#
#.zc(..###..#.......
#.zSz)..##..##....#.
#.#@zz.###..# .#..#
#.W.O..###..#.....#
#############)####..##........#
#........[...)....O..h.....#..
#..........)....#..........#.##
#...............#.............
#.........∩................#..
###############.#.......#..#..
#.#...#.....<..


You could see a phantom, a black bear, an ogre, a centaur, 6 wights and an
adder.

Vanquished Creatures
  A hungry ghost (D:7)
  An orc warrior (D:7)
  2 black bears (D:6)
  An ice beast (D:7)
  A necrophage (D:7)
  3 bullfrogs
  A scorpion (D:5)
  A wight (D:7)
  4 crimson imps
  The ghost of derval the Caller, a weakling TeSu (D:3)
  A hound (D:6)
  4 orc priests
  4 orc wizards
  A bullfrog skeleton (D:6)
  2 worker ants
  4 gnolls (D:2)
  4 adders
  A shadow imp (D:6)
  3 oozes
  An adder zombie (D:6)
  A worm (D:2)
  2 dart slugs
  8 leopard geckos
  13 orcs
  4 ball pythons
  9 giant cockroaches
  4 goblins (D:2)
  2 hobgoblins
  2 jackals (D:4)
  4 bats (D:2)
  5 frilled lizards
  2 kobolds (D:2)
  A leopard gecko skeleton (D:4)
  A leopard gecko zombie (D:6)
  A quokka skeleton (D:6)
  3 rats (D:2)
103 creatures vanquished.

Notes
Turn   | Place    | Note
-------+----------+-------------------------------------------
     0 | D:1      | nono the Vine Stalker Hunter began the quest for the Orb.
     0 | D:1      | Reached XP level 1. HP: 11/11 MP: 2/2
   210 | D:2      | Found a snail-covered altar of Cheibriados.
   217 | D:2      | Became a worshipper of Cheibriados the Contemplative
   242 | D:1      | Reached skill level 1 in Short Blades
   242 | D:1      | Reached XP level 2. HP: 1/15 MP: 0/3
   460 | D:2      | Reached XP level 3. HP: 12/19 MP: 4/4
   537 | D:2      | Found a glowing golden altar of the Shining One.
   660 | D:3      | Noticed derval's ghost (weakling TeSu)
   660 | D:3      | Reached * piety under Cheibriados
   714 | D:2      | Reached skill level 1 in Unarmed Combat
   714 | D:2      | Gained mutation: Your natural rate of healing is unusually fast. [Vine Stalker growth]
   714 | D:2      | Reached XP level 4. HP: 8/23 MP: 5/5
   730 | D:2      | Reached skill level 2 in Unarmed Combat
   796 | D:3      | Killed derval's ghost
   821 | D:3      | Reached XP level 5. HP: 27/27 MP: 6/6
   872 | D:3      | Reached skill level 3 in Unarmed Combat
  1010 | D:5      | Entered Level 5 of the Dungeon
  1071 | D:4      | Reached ** piety under Cheibriados
  1108 | D:5      | Reached skill level 4 in Unarmed Combat
  1173 | D:5      | Reached XP level 6. HP: 31/32 MP: 7/7
  1270 | D:5      | Reached skill level 5 in Unarmed Combat
  1342 | D:6      | Found a glowing drain.
  1379 | Sewer    | Entered a sewer
  1400 | Sewer    | Reached *** piety under Cheibriados
  1612 | Sewer    | Reached skill level 6 in Unarmed Combat
  1612 | Sewer    | Reached XP level 7. HP: 30/35 MP: 8/8
  1663 | D:6      | Found a glowing silver altar of Zin.
  1663 | D:6      | Found an opulent altar of Gozag.
  1698 | D:6      | Found a bloodstained altar of Trog.
  1704 | D:6      | Reached skill level 7 in Unarmed Combat
  1846 | D:6      | Reached **** piety under Cheibriados
  1846 | D:6      | Reached skill level 8 in Unarmed Combat
  1846 | D:6      | Gained mutation: You have razor-sharp teeth. [Vine Stalker growth]
  1846 | D:6      | Reached XP level 8. HP: 35/39 MP: 9/9
  1913 | D:7      | Reached skill level 1 in Invocations
  1929 | D:7      | Found Dasalo's Food Shop.
  2076 | D:7      | Reached skill level 5 in Invocations
  2119 | D:7      | HP: 1/39 [poisoned by a worker ant]
  2119 | D:7      | Demolished by an ogre

Vault maps used:
D:1:      nicolae_arrival_washed_ashore
D:2:      lemuel_round_altar, lemuel_doored_altar, minmay_close_crescents
D:3:      lemuel_coloured_pillars_altar, first_bread, kennysheep_orc_chapel
D:5:      minmay_temple_entry_large_hall
D:6:      grunt_temple_overflow_gold_and_silver, trog_ov_bears_minmay,
          gup_sewer_entry_glass, minmay_misc_feat_ornament
D:7:      enter_bailey_7, serial_shops, shop, uniq_crazy_yiuf_cottage
Sewer:    sewer_frog_island_01

Skill      XL: |  1  2  3  4  5  6  7  8 |
---------------+-------------------------+-----
Fighting       | 2 |  2.7
Short Blades   | 1 |  1.8
Unarmed Combat | 1 2 4 6 8 |  8.2
Invocations    | 5 |  5.8
Throwing       | |  3.6
Dodging        | |  1.5
Stealth        | |  1.2

Action                   |  1- 3 |  4- 6 |  7- 9 || total
-------------------------+-------+-------+-------++-------
Melee: Short sword       |    39 |       |       ||    39
       Bite              |    19 |    67 |    47 ||   133
       Unarmed           |    21 |   166 |   100 ||   287
       Punch             |       |     5 |     4 ||     9
Throw: Javelin           |    16 |     4 |       ||    20
       Throwing net      |       |     1 |       ||     1
Invok: Temporal Distorti |       |       |     2 ||     2
  Use: Scroll            |       |       |     1 ||     1
       Potion            |       |       |     1 ||     1
 Stab: Sleeping          |     1 |     3 |       ||     4
  Eat: Chunk             |       |     1 |     3 ||     4
Armor: Leather armour    |    22 |    26 |     5 ||    53
       Plate armour      |       |       |    32 ||    32
Dodge: Dodged            |    80 |    94 |    47 ||   221
